 Dungeon Crawl Stone Soup version 0.27-a0-1060-gcb85b5eba1 (webtiles) character file.

Game seed: 7951210920575687263

36 Ijustatesigmund the Skirmisher (level 3, -5/29 HPs)
             Began as a Demonspawn Fighter on Apr 21, 2021.
             Slain by a water moccasin (6 damage)
             ... on level 2 of the Dungeon.
             The game lasted 00:01:57 (1718 turns).

Ijustatesigmund the Skirmisher (Demonspawn Fighter) Turns: 1718, Time: 00:01:59

Health: -5/29      AC: 12    Str: 16    XL:     3   Next: 19%
Magic:  3/3        EV:  7    Int:  9    God:
Gold:   90         SH:  8    Dex: 13    Spells: 2/2 levels left

rFire    . . .     SeeInvis .   a - +1 war axe
rCold    . . .     Faith    .   c - +0 kite shield
rNeg     . . .     Spirit   .   b - +0 scale mail
rPois    .         Reflect  .   (no helmet)
rElec    .         Harm     .   (no cloak)
rCorr    .         Rampage  .   (no gloves)
Will     .....                  (no boots)
Stlth    ..........             (no amulet)
HPRegen  0.09/turn              (no ring)
MPRegen  0.08/turn              (no ring)

@: lethally poisoned (-5 -> -17), sanguine armoured
A: sanguine armour 1, demonic magic 1
a: no special abilities


You were on level 2 of the Dungeon.
You visited 1 branch of the dungeon, and saw 2 of its levels.

You collected 90 gold pieces.

Inventory:

Hand Weapons
 a - a +1 war axe (weapon)
Armour
 b - a +0 scale mail (worn)
 c - a +0 kite shield (worn)
Potions
 d - a potion of might
 e - a potion of haste
 g - a potion of brilliance {unknown}
 h - a potion of lignification {unknown}


   Skills:
 + Level 3.3 Fighting
 * Level 2.7 Axes
 - Level 2.6 Armour
 + Level 1.1 Dodging
 - Level 2.6 Shields


You had 2 spell levels left.
You didn't know any spells.
Your spell library was empty.

Dungeon Overview and Level Annotations

Branches:
Dungeon (2/15)

Altars:


Innate Abilities, Weirdness & Mutations

When seriously injured, your bleeding wounds create armour. (AC +6)
Spells you cast may paralyse adjacent enemies.


Message History

You hit the water moccasin.
The water moccasin is almost dead.
You hit the endoplasm.
Your blood congeals into armour.
You feel very sick.
The water moccasin bites you but does no damage.
The endoplasm freezes you.
You are frozen.
You block the water moccasin's attack.
You hit the endoplasm.
The endoplasm is almost dead.
You hit the water moccasin.
You feel very sick. You block the water moccasin's attack.
The endoplasm barely misses you. The water moccasin barely misses you.
The endoplasm jiggles.
The endoplasm freezes you.
You are frozen.
You closely miss the water moccasin.
The water moccasin is almost dead.
You hit the endoplasm.
You kill the endoplasm!
You feel sick.
The water moccasin bites you but does no damage.
The water moccasin bites you.
* * * LOW HITPOINT WARNING * * *
You block the water moccasin's attack.
It was a potion of curing.
You feel better.
The water moccasin bites you but does no damage.
You closely miss the water moccasin.
The water moccasin is almost dead.
The water moccasin bites you.
* * * LOW HITPOINT WARNING * * *
You are lethally poisoned!
The water moccasin poisons you! You block the water moccasin's attack.
You miss the water moccasin.
The water moccasin is almost dead.
* * * LOW HITPOINT WARNING * * *
You feel extremely sick.
The water moccasin bites you but does no damage.
The water moccasin bites you.
You die...

######..
[...=.. #.....
#....#
##....###
#.......#
.......#
#.......#
.......#
#...@S..#
.......#
###'#####
.......#
#.####.####
.......#
#.........#
.......#
######.##.#
.......#
#.##.#
....)..#.#
#.##.#########
####'###.#
#.##.#.......#
.....## .#
#.##.'.......+


You could see a water moccasin.

Vanquished Creatures
  3 dart slugs
  2 ball pythons (D:2)
  3 bats
  3 endoplasms
  4 goblins
  2 hobgoblins (D:2)
  2 jackals (D:2)
  4 kobolds
  2 quokkas (D:2)
  A rat (D:1)
26 creatures vanquished.

Vanquished Creatures (others)
  2 fungi (D:2)
2 creatures vanquished.

Grand Total: 28 creatures vanquished

Notes
Turn   | Place    | Note
-------+----------+-------------------------------------------
     0 | D:1      | Ijustatesigmund the Demonspawn Fighter began the quest for
                  | the Orb.
     0 | D:1      | Reached XP level 1. HP: 18/18 MP: 1/1
   542 | D:1      | Gained mutation: When seriously injured, your bleeding
                  | wounds create armour. (AC +6) [demonic ancestry]
   542 | D:1      | Reached XP level 2. HP: 20/24 MP: 2/2
  1474 | D:2      | Found a faded altar of an unknown god.
  1509 | D:2      | Reached skill level 1 in Dodging
  1641 | D:2      | Gained mutation: Spells you cast may paralyse adjacent
                  | enemies. [demonic ancestry]
  1641 | D:2      | Reached XP level 3. HP: 29/29 MP: 3/3
  1708 | D:2      | Noticed a water moccasin
  1718 | D:2      | HP: 1/29 [poisoned by a water moccasin]
  1718 | D:2      | Slain by a water moccasin

Illustrated notes

Levels and vault maps discovered:
D:1:      dpeg_arrival_three_smaller_balls, layout_basic
D:2:      layout_basic, shapermc_ecumenical_altar_gd

Skill      XL: |  1  2 |
---------------+-------+-----
Axes           | 2 |  2.7
Dodging        | 1 |  1.1
Fighting       | |  3.3
Armour         | |  2.6
Shields        | |  2.6

Action                   || total
-------------------------++-------
Melee: War axe           ||    85
  Use: Scroll            ||     2
       Potion            ||     1
Armor: Scale mail        ||    59
Dodge: Dodged            ||    22
Block: Kite shield       ||    53

Table legend: (Time is in decaauts)
 A = Elapsed time spent in this place.
 B = Non-inter-level travel time spent in this place.
 C = Inter-level travel time spent in this place.
 D = Time resting spent in this place.
 E = Time spent auto-exploring this place.
 F = Levels seen in this place.
 G = Mean time per level.
                   A        B        C        D        E       F      G
               +--------+--------+--------+--------+--------+-----+--------+
         Total |   1771 |   1753 |     18 |    210 |   1326 |   2 |  885.5 |
       Dungeon |   1771 |   1753 |     18 |    210 |   1326 |   2 |  885.5 |
               +--------+--------+--------+--------+--------+-----+--------+

Top non-repeatable levels by time:
     D:1: 1385 daAuts
     D:2: 386 daAuts
